[Event "4NCL Div 1 2018-19"]
[Site "Telford"]
[Date "2019.02.09"]
[Round "5.28"]
[White "Sowray, Peter J"]
[Black "Morrison, Graham"]
[Result "1-0"]
[ECO "E46"]
[WhiteElo "2353"]
[BlackElo "2300"]
[Annotator "NA"]
[PlyCount "73"]
[EventDate "2018.11.10"]
[EventType "team-tourn"]
[EventCountry "GBR"]
[SourceTitle "playchess.com"]
[Source "ChessBase"]
[SourceQuality "1"]
[TimeControl "40/6000+30:3000+30"]

1. d4 Nf6 2. c4 e6 3. Nc3 Bb4 4. e3 O-O 5. Nge2 Re8 6. a3 Bf8 7. d5 a5 8. Nd4 Na6 9. Bd3 Nc5 10. Bc2 d6 11. b3 Bd7 12. O-O exd5 13. cxd5 c6 14. Bb2 Qb6 15. Qf3 Re5 16. dxc6 bxc6 17. h3 Rae8 18. Rad1 d5 19. Nce2 Nce4 20. Ng3 Nxg3 21. Qxg3 Ne4 22. Qf3 g6 23. Qe2 Bg7 24. Bxe4 Rxe4 25. Qc2 c5 26. Ne2 Bxb2 27. Qxb2 Bc6 28. Rd2 Bb5 29. Nc3 Bxf1 30. Nxd5 Qc6 31. Nf6+ Kf8 32. Kxf1 h5 33. Qc3 Qb5+ 34. Kg1 R4e6 35. Nxe8 Rxe8 36. Rd5 Rb8 37. Rxc5 1-0

[Event "4NCL Div 1 2018-19"]
[Site "Telford"]
[Date "2019.02.09"]
[Round "5.28"]
[White "Weaving, Richard"]
[Black "Maurizzi, Marc Andria"]
[Result "1-0"]
[ECO "C07"]
[WhiteElo "2322"]
[BlackElo "2268"]
[Annotator "NA"]
[PlyCount "79"]
[EventDate "2018.11.10"]
[EventType "team-tourn"]
[EventCountry "GBR"]
[SourceTitle "playchess.com"]
[Source "ChessBase"]
[SourceQuality "1"]
[TimeControl "40/6000+30:3000+30"]

1. e4 e6 2. d4 d5 3. Nd2 c5 4. exd5 Qxd5 5. dxc5 Nf6 6. Ngf3 Qxc5 7. Bd3 Nbd7 8. O-O Be7 9. Qe2 Qc7 10. Nb3 O-O 11. Re1 b6 12. Nbd4 Nc5 13. Bc4 a6 14. a4 Bb7 15. Bg5 Nd5 16. Bxe7 Qxe7 17. Qe5 Qf6 18. Bxd5 Bxd5 19. b4 Nd7 20. Qd6 Rfd8 21. c4 Nf8 22. Qxb6 Bxc4 23. Nc6 Rdc8 24. Qc5 Rxc6 25. Qxc6 Bd5 26. Qc7 Bxf3 27. gxf3 Ng6 28. Rac1 h5 29. Qb7 Rd8 30. Red1 Rxd1+ 31. Rxd1 Nf4 32. Kh1 Nd5 33. Qb8+ Kh7 34. Qg3 Nxb4 35. f4 Nd5 36. Qg5 Qxg5 37. fxg5 Kg6 38. Rc1 a5 39. Rc5 Nb6 40. Rxa5 1-0

[Event "4NCL Div 1 2018-19"]
[Site "Telford"]
[Date "2019.02.09"]
[Round "5.29"]
[White "Reimanis, Ritvars"]
[Black "Stepanyan, Henrik"]
[Result "1-0"]
[ECO "D34"]
[WhiteElo "2324"]
[BlackElo "2158"]
[Annotator "ChessBase"]
[PlyCount "167"]
[EventDate "2018.11.10"]
[EventType "team-tourn"]
[EventCountry "GBR"]
[SourceTitle "playchess.com"]
[Source "ChessBase"]
[SourceQuality "1"]
[TimeControl "40/6000+30:3000+30"]

1. d4 d5 2. c4 e6 3. Nc3 c5 4. cxd5 exd5 5. Nf3 Nc6 6. g3 Nf6 7. Bg2 Be7 8. O-O O-O 9. Bg5 c4 10. b3 Qa5 11. Rc1 Rd8 12. Bxf6 Bxf6 13. e3 Bf5 14. Ne1 Rac8 15. bxc4 dxc4 16. Ne4 Bxe4 17. Bxe4 Qxa2 18. Ra1 Qb3 19. Qxb3 cxb3 20. Nf3 b2 21. Ra2 b6 22. Rxb2 Na5 23. Bf5 Rc3 24. Nd2 Nc4 25. Nxc4 Rxc4 26. Ra1 g6 27. Bh3 Rc7 28. Ra6 Rb8 29. Rba2 Be7 30. Rxa7 Rxa7 31. Rxa7 Kf8 32. Bg2 b5 33. Bd5 b4 34. Bb3 Rc8 35. Rb7 Rc3 36. Bd5 h6 37. h4 Rc1+ 38. Kg2 Rc2 39. Kf3 h5 40. e4 Rc3+ 41. Ke2 Rc2+ 42. Ke3 Rc3+ 43. Kd2 Rf3 44. Ke2 Rc3 45. e5 Rc2+ 46. Ke3 Rc3+ 47. Kd2 Ra3 48. Rb8+ Kg7 49. Bc4 Rc3 50. Bd3 Ra3 51. d5 Bc5 52. d6 Ra2+ 53. Kd1 Ra1+ 54. Kc2 Ra2+ 55. Kb1 Ra7 56. f4 Bf2 57. Bb5 b3 58. Bc6 Bxg3 59. d7 Bxh4 60. d8=Q Bxd8 61. Rxd8 Ra6 62. Bd5 Ra4 63. Rd7 Rxf4 64. Bxf7 h4 65. Bxb3+ Kh6 66. Rd3 Re4 67. e6 g5 68. Rd8 g4 69. Kc2 g3 70. Rg8 Kh7 71. Rg5 Kh6 72. Rg8 Kh7 73. Kd3 Rb4 74. Bd5 Rb5 75. Bc4 Re5 76. Rg4 Kh6 77. Rxh4+ Kg5 78. Rh8 Kf4 79. Rf8+ Kg4 80. Kd4 Re1 81. Bd5 Rd1+ 82. Ke5 Re1+ 83. Be4 Kh3 84. Rh8+ 1-0

[Event "4NCL Div 1 2018-19"]
[Site "Telford"]
[Date "2019.02.09"]
[Round "5.29"]
[White "Berry, Neil"]
[Black "Pigott, John C"]
[Result "1-0"]
[ECO "E08"]
[WhiteElo "2274"]
[BlackElo "2388"]
[Annotator "NA"]
[PlyCount "75"]
[EventDate "2018.11.10"]
[EventType "team-tourn"]
[EventCountry "GBR"]
[SourceTitle "playchess.com"]
[Source "ChessBase"]
[SourceQuality "1"]
[TimeControl "40/6000+30:3000+30"]

1. d4 Nf6 2. c4 e6 3. Nf3 d5 4. g3 Bb4+ 5. Bd2 Be7 6. Bg2 O-O 7. O-O c6 8. Qc2 Nbd7 9. Bf4 b6 10. Rd1 Ba6 11. cxd5 cxd5 12. Ne5 Nxe5 13. dxe5 Ng4 14. h3 Rc8 15. Nc3 Nxf2 16. Kxf2 Bc5+ 17. Be3 Bxe3+ 18. Kxe3 b5 19. Qd2 Qb6+ 20. Qd4 Qb8 21. Kf2 b4 22. Nxd5 exd5 23. Bxd5 Rc2 24. Rd2 Rxd2 25. Qxd2 Qxe5 26. Bf3 Re8 27. Rc1 h6 28. b3 Bb5 29. Qf4 Qe6 30. Bg4 f5 31. Bh5 g6 32. Bf3 Bxe2 33. Rc6 Qd7 34. Rxg6+ Kf7 35. Rd6 Qc8 36. Bd5+ Ke7 37. Qe5+ Kf8 38. Qf6# 1-0

[Event "4NCL Div 1 2018-19"]
[Site "Telford"]
[Date "2019.02.09"]
[Round "5.30"]
[White "Griffiths, Ryan Rhys"]
[Black "Findlay, David John"]
[Result "1-0"]
[ECO "A13"]
[WhiteElo "2358"]
[BlackElo "2183"]
[Annotator "NA"]
[PlyCount "77"]
[EventDate "2018.11.10"]
[EventType "team-tourn"]
[EventCountry "GBR"]
[SourceTitle "playchess.com"]
[Source "ChessBase"]
[SourceQuality "1"]
[TimeControl "40/6000+30:3000+30"]

1. c4 e6 2. g3 d5 3. Bg2 Nf6 4. Nf3 a6 5. b3 c5 6. cxd5 exd5 7. d4 Nc6 8. O-O Be7 9. dxc5 Bxc5 10. Ba3 Bxa3 11. Nxa3 O-O 12. Nc2 Re8 13. Ncd4 Ne4 14. Rc1 Bd7 15. Nxc6 Bxc6 16. Qd4 Bb5 17. Rc2 Rc8 18. Rfc1 Qd7 19. e3 Rxc2 20. Rxc2 Rc8 21. Qb2 f6 22. a4 Bd3 23. Rxc8+ Qxc8 24. Ne1 Nc5 25. Bxd5+ Kh8 26. Nxd3 Nxd3 27. Qd2 Nc5 28. Qc2 a5 29. Bxb7 Qxb7 30. Qxc5 h6 31. Qxa5 Qxb3 32. Qa8+ Kh7 33. a5 h5 34. h4 g5 35. hxg5 fxg5 36. a6 Qd1+ 37. Kg2 h4 38. Qe4+ Kg7 39. Qd4+ 1-0

[Event "4NCL Div 1 2018-19"]
[Site "Telford"]
[Date "2019.02.09"]
[Round "5.30"]
[White "Willow, Jonah B"]
[Black "Maciol, Ryszard"]
[Result "1-0"]
[ECO "C05"]
[WhiteElo "2224"]
[BlackElo "2120"]
[Annotator "NA"]
[PlyCount "65"]
[EventDate "2018.11.10"]
[EventType "team-tourn"]
[EventCountry "GBR"]
[SourceTitle "playchess.com"]
[Source "ChessBase"]
[SourceQuality "1"]
[TimeControl "40/6000+30:3000+30"]

1. e4 e6 2. d3 d5 3. Nd2 Nf6 4. Ngf3 b6 5. e5 Nfd7 6. c3 c5 7. d4 Ba6 8. Bxa6 Nxa6 9. O-O Be7 10. c4 O-O 11. cxd5 exd5 12. Re1 Nc7 13. Nf1 Re8 14. Ne3 cxd4 15. Qxd4 Bc5 16. Qf4 Ne6 17. Qg3 Bxe3 18. Bxe3 Ndc5 19. Rad1 Qd7 20. Nh4 Nf8 21. Bd4 Ng6 22. Bc3 Qe6 23. f3 Rac8 24. Rd4 Rc6 25. Rg4 Kh8 26. Nxg6+ fxg6 27. Rd1 Rd8 28. Rh4 Rd7 29. Rdd4 Qe7 30. Rdf4 g5 31. Qxg5 Ne6 32. Qg6 h6 33. Rfg4 1-0

[Event "4NCL Div 1 2018-19"]
[Site "Telford"]
[Date "2019.02.09"]
[Round "5.31"]
[White "Quinn, John M"]
[Black "Sygnowski, Tomasz"]
[Result "1/2-1/2"]
[ECO "D61"]
[WhiteElo "2163"]
[BlackElo "2153"]
[Annotator "NA"]
[PlyCount "33"]
[EventDate "2018.11.10"]
[EventType "team-tourn"]
[EventCountry "GBR"]
[SourceTitle "playchess.com"]
[Source "ChessBase"]
[SourceQuality "1"]
[TimeControl "40/6000+30:3000+30"]

1. d4 Nf6 2. c4 e6 3. Nc3 d5 4. Bg5 Be7 5. e3 O-O 6. Nf3 a6 7. cxd5 exd5 8. Qc2 Nbd7 9. Rd1 Re8 10. Bd3 c6 11. O-O Nf8 12. h3 Ng6 13. Ne5 Ne4 14. Bxe7 Qxe7 15. Nxe4 dxe4 16. Bxe4 Nxe5 17. dxe5 1/2-1/2

[Event "4NCL Div 1 2018-19"]
[Site "Telford"]
[Date "2019.02.09"]
[Round "5.31"]
[White "White, Stuart A"]
[Black "Jackson, James P"]
[Result "0-1"]
[ECO "E92"]
[WhiteElo "2113"]
[BlackElo "2383"]
[Annotator "ChessBase"]
[PlyCount "126"]
[EventDate "2018.11.10"]
[EventType "team-tourn"]
[EventCountry "GBR"]
[SourceTitle "playchess.com"]
[Source "ChessBase"]
[SourceQuality "1"]
[TimeControl "40/6000+30:3000+30"]

1. d4 Nf6 2. c4 g6 3. Nc3 Bg7 4. e4 d6 5. Nf3 O-O 6. Be2 e5 7. d5 a5 8. Bg5 h6 9. Bh4 Na6 10. Nd2 Bd7 11. O-O Qe8 12. b3 Nh7 13. a3 h5 14. f3 Bh6 15. Rb1 Be3+ 16. Kh1 Bc5 17. Qc1 f5 18. exf5 gxf5 19. f4 e4 20. Re1 Be3 21. g3 Bf2 22. Rf1 Bc5 23. Nd1 Qg6 24. Re1 Nf6 25. Nf1 Ng4 26. Kg2 Rae8 27. h3 Nf6 28. Nfe3 c6 29. Kh2 cxd5 30. Bxf6 Rxf6 31. Nxd5 Rf7 32. N1e3 Be6 33. Rg1 Bxd5 34. cxd5 Rg7 35. Rg2 Rf8 36. Nc4 Bf2 37. Qc3 e3 38. Nxe3 Bxg3+ 39. Kh1 Nc5 40. Bf3 Qh6 41. b4 axb4 42. axb4 Na4 43. Qd4 Qxf4 44. Qxf4 Bxf4 45. Rxg7+ Kxg7 46. Ng2 Be5 47. Rg1 Kh6 48. Nh4 Rf6 49. Rg8 Nc3 50. Rh8+ Kg5 51. Ng2 Rh6 52. Rg8+ Rg6 53. Rb8 b5 54. Kg1 Kh6 55. Kf2 Bd4+ 56. Ke1 Rg3 57. Nh4 Kg5 58. Nxf5 Kxf5 59. Bxh5 Rxh3 60. Bf7 Ke4 61. Kd2 Rh2+ 62. Ke1 Re2+ 63. Kf1 Rf2+ 0-1

[Event "4NCL Div 1 2018-19"]
[Site "Telford"]
[Date "2019.02.09"]
[Round "5.32"]
[White "Manelidou, Maria"]
[Black "Webster, David"]
[Result "1-0"]
[ECO "B31"]
[WhiteElo "2069"]
[BlackElo "1964"]
[Annotator "NA"]
[PlyCount "97"]
[EventDate "2018.11.10"]
[EventType "team-tourn"]
[EventCountry "GBR"]
[SourceTitle "playchess.com"]
[Source "ChessBase"]
[SourceQuality "1"]
[TimeControl "40/6000+30:3000+30"]

1. e4 c5 2. Be2 Nc6 3. f4 d5 4. exd5 Qxd5 5. Bf3 Qd6 6. Bxc6+ Qxc6 7. Nf3 Qe4+ 8. Qe2 Qxe2+ 9. Kxe2 Nf6 10. Nc3 Be6 11. h3 Nd5 12. d3 Nxc3+ 13. bxc3 g6 14. Rb1 b6 15. c4 Bg7 16. a4 O-O 17. Bb2 f6 18. Bc3 Bd7 19. a5 Rfb8 20. axb6 axb6 21. Rb2 Ra3 22. Bd2 b5 23. cxb5 Rxb5 24. Rxb5 Bxb5 25. Rb1 Ba4 26. Rb8+ Bf8 27. f5 Kf7 28. fxg6+ hxg6 29. c3 Bc6 30. Rc8 Ra6 31. Nh4 g5 32. Nf3 e6 33. Rc7+ Be7 34. Nxg5+ fxg5 35. Bxg5 Bxg2 36. Rxe7+ Kg6 37. h4 c4 38. dxc4 Rc6 39. c5 Bd5 40. Be3 Kh5 41. Rh7+ Kg6 42. Rh8 Ra6 43. h5+ Kf5 44. Rf8+ Ke5 45. Kd3 Be4+ 46. Kc4 Bf5 47. h6 Ra7 48. c6 Kd6 49. Bxa7 {[%emt 0:00:00] Kd5+ [%emt 00:00:08]} 1-0